 Dungeon Crawl Stone Soup version 0.21.1-1-g345015f (webtiles) character file.

295390 zishaf the Warrior (level 20, 0/188 HPs)
             Began as a Minotaur Fighter on May 13, 2018.
             Was the Champion of Qazlal.
             Slain by a deep troll earth mage (22 damage)
             ... on level 15 of the Dungeon on May 14, 2018.
             The game lasted 03:08:46 (42154 turns).

zishaf the Warrior (Minotaur Fighter)              Turns: 42154, Time: 03:08:47

Health: 0/188      AC: 39    Str: 36    XL:     20   Next: 5%
Magic:  0/31       EV: 11    Int:  7    God:    Qazlal [******]
Gold:   2078       SH:  8    Dex: 10    Spells: 19/19 levels left

rFire    + . .     SeeInvis .   A - +9 triple sword (vamp)
rCold    + . .     Gourm    .   (shield currently unavailable)
rNeg     . . .     Faith    .   Q - +9 scales of the Dragon King {rPois rF+ rC+ MR+}
rPois    +         Spirit   +   (helmet restricted)
rElec    .         Reflect  .   a - scarf {repulsion}
rCorr    .         Harm     .   z - +2 pair of gloves
MR       +++..                  S - +1 pair of boots {Fly}
Stlth    ..........             D - amulet of guardian spirit
HPRegen  0.41/turn              E - +4 ring of strength
MPRegen  0.22/turn              O - ring of protection from magic

@: protected from physical damage, flying, studying Fighting, repel missiles
A: retaliatory headbutt, horns 2, clever 1, strong 1, wild magic 1
}: 2/15 runes: barnacled, gossamer
a: Upheaval, Elemental Force, Disaster Area, Renounce Religion, Stop Flying


You were on level 15 of the Dungeon.
You worshipped Qazlal.
Qazlal was exalted by your worship.
You were full.

You visited 7 branches of the dungeon, and saw 35 of its levels.
You also visited: Labyrinth and Ice Cave.

You collected 4757 gold pieces.
You spent 2679 gold pieces at shops.

Inventory:

Hand Weapons
 A - a +9 vampiric triple sword (weapon)
 U - the +8 demon blade of Bunemnaz {freeze, rC+ Str+4 Int+2}
   (You found it in a labyrinth)

   It has been specially enchanted to freeze those struck by it, causing extra
   injury to most foes and up to half again as much damage against particularly
   susceptible opponents.
   It can also slow down cold-blooded creatures.
   It affects your strength (+4).
   It affects your intelligence (+2).
   It protects you from cold.
Armour
 a - a scarf of repulsion (worn)
 c - a +0 shield
 z - a +2 pair of gloves (worn)
 Q - the +9 scales of the Dragon King (worn) {rPois rF+ rC+ MR+}
   (You bought it in a shop on level 1 of the Orcish Mines)

   It protects you from fire.
   It protects you from cold.
   It protects you from poison.
   It affects your resistance to hostile enchantments.
 S - a +1 pair of boots of flying (worn)
Jewellery
 d - an uncursed ring of resist corrosion
 o - an uncursed amulet of the gourmand
 u - an uncursed ring of ice
 v - an uncursed ring of see invisible
 D - an amulet of guardian spirit (around neck)
 E - a +4 ring of strength (left hand)
 I - an uncursed ring of protection from fire
 O - a ring of protection from magic (right hand)
 V - an uncursed ring of protection from cold
Wands
 n - a wand of paralysis (43)
 y - a wand of enslavement (9)
 C - a wand of digging (8)
 H - a wand of acid (22)
 W - a wand of disintegration (37)
Scrolls
 g - 4 scrolls of blinking
 j - 7 scrolls of fog
 k - 11 scrolls of teleportation
 m - 21 scrolls of remove curse
 s - 7 scrolls of fear
 K - 5 scrolls of identify
 M - 3 scrolls of magic mapping
 P - a scroll of summoning
Potions
 b - a potion of resistance
 e - 14 potions of curing
 h - 2 potions of heal wounds
 p - 5 potions of lignification
 q - a potion of might
 r - 7 potions of brilliance
 t - 8 potions of cancellation
 F - a potion of invisibility
 J - 3 potions of agility
 N - 4 potions of mutation
 X - a potion of magic
 Y - 2 potions of haste
Books
 B - a manual of Fighting
Miscellaneous
 i - 2 phantom mirrors
 l - a fan of gales
 x - a lamp of fire
 G - 2 sacks of spiders
 L - a phial of floods
 R - a lightning rod (4/4)
 T - 2 boxes of beasts
 Z - a lamp of fire
Comestibles
 f - 41 rations
 w - 19 chunks of flesh


   Skills:
 + Level 18.2 Fighting
 * Level 17.7 Long Blades
   Level 6.0(10.0) Axes
   Level 12.2(12.7) Maces & Flails
 - Level 16.3 Armour
 - Level 10.3 Dodging
 - Level 15.0 Shields
 - Level 17.0 Invocations
 - Level 10.4 Evocations


You had 19 spell levels left.
You didn't know any spells.

Dungeon Overview and Level Annotations

Branches:
Dungeon (15/15)            Temple (0/1) D:5            Lair (6/6) D:8
 Shoals (4/4) Lair:4       Spider (4/4) Lair:2        Slime (0/5) Lair:6
    Orc (2/2) D:11            Elf (3/3) Orc:2        Vaults (0/5) D:14
 Depths (1/5) D:15

Altars:
Ashenzari
Cheibriados
Elyvilon
Fedhas
Okawaru
Qazlal
Ru
Sif Muna
Xom
Yredelemnul
The Shining One
Jiyva

Shops:
D:4 !=?   D:11 (   Orc:1 [   Orc:2 *=([   Elf:2 ?   Elf:3 }

Portals:
Trove: D:14 (give 7 scrolls of blinking)

Annotations:
D:14 treasure: 7 blinking


Innate Abilities, Weirdness & Mutations

You reflexively headbutt those who attack you in melee.
You have a pair of horns on your head.
Your mind is acute. (Int +2)
Your muscles are strong. (Str +2)
Your spells are a little harder to cast, but a little more powerful.


Message History

The deep troll earth mage misses you.
The deep troll earth mage claws you but does no damage.
You closely miss the deep troll earth mage.
You headbutt the deep troll earth mage!
The deep troll earth mage is moderately wounded.
The deep troll earth mage bites you!
* * * LOW HITPOINT WARNING * * *
You feel more protected from physical attacks.
The deep troll earth mage claws you.
* * * LOW HITPOINT WARNING * * *
You feel more protected from physical attacks.
You block the deep troll earth mage's attack.
The deep troll earth mage bites you!!
* * * LOW HITPOINT WARNING * * *
The deep troll earth mage claws you but does no damage.
You block the deep troll earth mage's attack.
The deep troll earth mage bites you but does no damage.
The deep troll earth mage claws you but does no damage. x2
The deep troll earth mage bites you!!
You die...

#.#
####.#############..!
#.#
##...##............#
##.#
#..#..###########...
#..# #..#..# #..#
#.## #..#..# #..# #.#
#..#..# #..# #.#
#..#T.# #..# #.#
##TTT## #..# #.##
##@## ##########..#
#..# ###
#............ ##.#
#.########### #.# #.#
# #.# #.# ########
#.# #####.# #.......
#.# #.....# #.######
#.########.###.####.#
#
#.................#.#
#


You could see 3 deep troll earth magi and a deep troll shaman.

Vanquished Creatures
  Arachne (Spider:1)
  2 deep elf master archers (Elf:3)
  5 deep elf blademasters
  A kraken (Shoals:4)
  Frances (Shoals:1)
  Donald (Spider:1)
  Roxanne (Shoals:1)
  3 ghost moths
  A frost giant (IceCv)
  An orc warlord (Orc:1)
  3 deep elf sorcerers (Elf:3)
  Louise (Spider:2)
  5 emperor scorpions
  3 deep elf elementalists
  A large abomination (Elf:3)
  2 entropy weavers (Spider:1)
  5 deep elf demonologists
  2 deep elf annihilators
  3 spark wasps
  A minotaur (Lab)
  Josephine (D:12)
  A fire dragon (D:15)
  An ettin (Depths:1)
  Snorg (D:14)
  3 merfolk javelineers
  6 deep elf death magi
  9 merfolk impalers
  6 deep elf high priests (Elf:3)
  Erolcha (D:9)
  Fannar (D:11)
  2 ice dragons
  A rakshasa (Depths:1)
  7 hydras
  5 merfolk avatars
  2 merfolk aquamancers (Shoals:4)
  4 centaur warriors
  4 two-headed ogres
  20 dancing weapons
  3 satyrs
  A death yak (IceCv)
  The ghost of zishaf the Fighter, a novice BaFi of Gozag (D:7)
  3 alligator snapping turtles
  A deep troll shaman (D:15)
  An ogre mage (Depths:1)
  A deep troll earth mage (D:15)
  Urug (D:10)
  Sonja (Orc:2)
  Nergalle (Lair:1)
  7 orc high priests
  16 deep elf knights
  4 skeletal warriors (D:15)
  A wizard (D:14)
  2 deep trolls (Depths:1)
  15 sea snakes
  3 unseen horrors
  5 deep elf archers
  24 harpies
  A necromancer (Spider:1)
  7 wolf spider zombies (Spider:1)
  3 orc knights
  16 orb spiders
  3 orc sorcerers
  57 deep elf magi
  30 wolf spiders
  A manticore (shapeshifter) (Elf:3)
  4 oklob plants (Lair:6)
  4 cyclopes
  17 manticores
  11 ugly things
  3 moths of wrath
  A black mamba (shapeshifter) (D:15)
  11 fauns
  4 centaur zombies
  9 elephants
  5 water nymphs
  8 merfolk sirens
  5 black mambas
  Psyche (D:9)
  2 ice statues
  2 guardian serpents (D:14)
  9 spiny frogs
  6 gargoyles
  A torpor snail (Spider:4)
  A yaktaur (Depths:1)
  2 rime drakes (Lair:4)
  3 kobold demonologists (D:11)
  A freezing wraith (D:14)
  7 komodo dragons
  17 redback zombies (Spider:1)
  2 efreet
  10 demonic crawlers
  21 merfolk
  40 jumping spiders
  Grinder (D:4)
  A wolf spider simulacrum (D:13)
  11 trolls
  10 hornets
  28 polar bears
  9 slime creatures
  10 blink frogs
  17 dream sheep
  7 wind drakes
  14 snapping turtles
  17 hippogriffs
  59 redbacks
  A raiju (shapeshifter) (Depths:1)
  3 tarantella zombies (Spider:1)
  Sigmund (D:5)
  2 centaur simulacra (D:13)
  A shadow (D:12)
  4 air elementals
  12 spriggans (Lair:6)
  27 tarantellas
  41 yaks
  4 wyverns
  7 water elementals
  8 wraiths
  2 fire elementals
  3 hungry ghosts
  3 basilisks
  A steam dragon (Lair:3)
  5 vampire mosquitoes
  5 wargs
  2 soldier ants
  17 water moccasins
  8 porcupines
  30 orc warriors
  4 phantoms
  An eye of draining (D:9)
  8 ice beasts
  7 black bears
  3 sky beasts
  10 boggarts
  8 centaurs
  57 wolves
  12 ogres
  11 crocodiles
  16 bullfrogs
  7 big kobolds
  Blork the orc (D:6)
  An earth elemental (Elf:1)
  A wyvern zombie (D:10)
  5 scorpions
  9 electric eels
  6 crimson imps
  2 quasits
  14 hounds
  A bullfrog zombie (D:9)
  3 jellies
  11 orc priests
  Crazy Yiuf (D:4)
  4 centaur skeletons
  19 orc wizards
  4 bullfrog skeletons
  2 iguanas
  7 worker ants
  A killer bee zombie (D:9)
  A hound zombie (D:9)
  A howler monkey zombie (D:9)
  4 gnolls (D:6)
  A howler monkey skeleton (D:5)
  10 adders
  4 shadow imps
  6 white imps (D:13)
  3 ufetubi (D:13)
  An adder zombie (D:5)
  4 worms
  4 dart slugs
  6 leopard geckos
  62 orcs
  2 ball pythons (D:5)
  5 bats
  6 giant cockroaches
  9 hobgoblins
  14 jackals
  26 kobolds
  5 quokkas
  8 frilled lizards
  5 goblins (D:1)
  A leopard gecko zombie (D:6)
  A quokka skeleton (D:4)
  4 rats
  3 crawling corpses (Elf:3)
  11 plants
  3 tentacles (Shoals:4)
1351 creatures vanquished.

Vanquished Creatures (collateral kills)
  2 merfolk impalers
  3 orb spiders (Spider:2)
  2 manticores
  2 merfolk sirens (Shoals:4)
  4 merfolk
  A wolf (Lair:6)
14 creatures vanquished.

Vanquished Creatures (others)
  Ilsuiw (Shoals:4)
  A deep elf elementalist (Elf:3)
  An entropy weaver (Spider:3)
  2 deep elf magi
  2 orb spiders (Spider:2)
  A spiny frog (Lair:3)
  A yak (IceCv)
  A hound (D:11)
  10 fungi
  53 plants
  9 tentacles (Shoals:4)
82 creatures vanquished.

Grand Total: 1447 creatures vanquished

Notes
Turn   | Place    | Note
-------+----------+-------------------------------------------
     0 | D:1      | zishaf the Minotaur Fighter began the quest for the Orb.
     0 | D:1      | Reached XP level 1. HP: 19/19 MP: 0/0
   122 | D:1      | Reached XP level 2. HP: 22/26 MP: 1/1
   601 | D:1      | Reached XP level 3. HP: 27/31 MP: 2/2
  1259 | D:2      | Found a white marble altar of Elyvilon.
  1317 | D:2      | Found a basalt altar of Yredelemnul.
  1521 | D:2      | Reached skill level 5 in Axes
  1741 | D:2      | Reached XP level 4. HP: 39/39 MP: 3/3
  2083 | D:3      | Reached XP level 5. HP: 13/46 MP: 4/4
  2308 | D:3      | Found a snail-covered altar of Cheibriados.
  2543 | D:3      | Reached skill level 4 in Fighting
  2543 | D:3      | Reached skill level 1 in Dodging
  2791 | D:4      | Identified the Papyrus of Ensnaring Augmentations
  2808 | D:4      | Noticed Grinder
  2824 | D:4      | Paralysed by Grinder for 7 turns
  2839 | D:4      | Paralysed by Grinder for 6 turns
  2848 | D:4      | Killed Grinder
  2848 | D:4      | Reached XP level 6. HP: 41/55 MP: 5/5
  2952 | D:4      | Reached skill level 5 in Fighting
  2952 | D:4      | Reached skill level 5 in Armour
  2990 | D:4      | Found Hinaesh's Jewellery Shop.
  3037 | D:4      | Found Halofif's Distillery.
  3055 | D:4      | Reached XP level 7. HP: 60/61 MP: 6/6
  3090 | D:4      | Found a runed door.
  3113 | D:4      | Found a stormy altar of Qazlal.
  3115 | D:4      | Found a blossoming altar of Fedhas.
  3121 | D:4      | Became a worshipper of Qazlal Stormbringer
  3345 | D:4      | Found Moitiga's Magic Scroll Boutique.
  3353 | D:4      | Bought a scroll of identify for 22 gold pieces
  3359 | D:4      | Gained mutation: You evolve. [potion of mutation]
  3359 | D:4      | Gained mutation: You expend magic power (3 MP) to strengthen your wands. [potion of mutation]
  3359 | D:4      | Gained mutation: Your movements are slightly less encumbered by armour. (ER -2) [potion of mutation]
  3412 | D:4      | Noticed Crazy Yiuf
  3413 | D:4      | Found the +8 whip "Snakebite" {curare, rPois}
  3417 | D:4      | Killed Crazy Yiuf
  3533 | D:4      | Lost mutation: You expend magic power (3 MP) to strengthen your wands. [evolution]
  3567 | D:5      | Entered Level 5 of the Dungeon
  3574 | D:5      | Noticed Sigmund
  3581 | D:5      | Killed Sigmund
  3581 | D:5      | Reached skill level 6 in Fighting
  3684 | D:5      | Reached XP level 8. HP: 69/70 MP: 7/7
  3714 | D:5      | Reached * piety under Qazlal
  3784 | D:5      | Reached skill level 5 in Maces & Flails
  3911 | D:5      | Found a staircase to the Ecumenical Temple.
  3920 | D:5      | Found a sacrificial altar of Ru.
  4064 | D:5      | Found a shimmering altar of Xom.
  4067 | D:5      | Found a deep blue altar of Sif Muna.
  4342 | D:6      | Gained mutation: You are clumsy. (Dex -2) [evolution]
  4602 | D:6      | Reached ** piety under Qazlal
  4636 | D:6      | Reached XP level 9. HP: 75/75 MP: 8/8
  5006 | D:6      | Noticed Blork the orc
  5011 | D:6      | Killed Blork the orc
  5011 | D:6      | Reached skill level 10 in Maces & Flails
  5574 | D:7      | Found a shattered altar of Ashenzari.
  5776 | D:7      | Noticed zishaf's ghost (novice BaFi)
  5802 | D:7      | Killed zishaf's ghost
  6284 | D:8      | Found an iron altar of Okawaru.
  6370 | D:8      | Got a brightly glowing hunting sling
  6378 | D:8      | Identified the +4 hunting sling of Qywkiser {speed, rElec Str-2 Int+2} (You found it on level 8 of the Dungeon)
  6397 | D:8      | Reached skill level 7 in Fighting
  6445 | D:8      | Noticed a troll
  6457 | D:8      | Killed a troll
  6457 | D:8      | Reached XP level 10. HP: 81/86 MP: 9/9
  6490 | D:8      | Found a staircase to the Lair.
  7106 | D:8      | Noticed a three-headed hydra
  7110 | D:8      | Reached skill level 8 in Fighting
  7122 | D:8      | Killed a three-headed hydra
  7127 | D:8      | Reached skill level 9 in Fighting
  7350 | D:9      | Noticed Psyche
  7379 | D:9      | Killed Psyche
  7379 | D:9      | Reached *** piety under Qazlal
  7517 | D:9      | Reached skill level 10 in Fighting
  7635 | D:9      | Reached skill level 10 in Armour
  7686 | D:9      | Lost mutation: You are clumsy. (Dex -2) [potion of mutation]
  7686 | D:9      | Lost mutation: Your movements are slightly less encumbered by armour. (ER -2) [potion of mutation]
  7686 | D:9      | Lost mutation: You evolve. [potion of mutation]
  7686 | D:9      | Gained mutation: Your muscles are strong. (Str +2) [potion of mutation]
  7686 | D:9      | Gained mutation: Your spells are a little harder to cast, but a little more powerful. [potion of mutation]
  7686 | D:9      | Gained mutation: Your mind is acute. (Int +2) [potion of mutation]
  7958 | D:9      | Reached XP level 11. HP: 40/101 MP: 3/10
  8156 | D:9      | Noticed Erolcha
  8164 | D:9      | Killed Erolcha
  8386 | D:9      | Reached skill level 11 in Fighting
  8569 | D:10     | Entered Level 10 of the Dungeon
  8605 | D:10     | Noticed Urug
  8634 | D:10     | Killed Urug
  8752 | D:10     | Got a steaming quarterstaff
  8754 | D:10     | Identified the +8 quarterstaff "Dagravuu" {flame, SInv} (You found it on level 10 of the Dungeon)
  8965 | D:10     | Reached **** piety under Qazlal
  9332 | D:11     | Noticed Fannar
  9347 | D:11     | Killed Fannar
  9356 | D:11     | Reached skill level 12 in Fighting
  9700 | Lair:1   | Entered Level 1 of the Lair of Beasts
  9877 | Lair:1   | Noticed Nergalle
  9902 | Lair:1   | Killed Nergalle
 10602 | Lair:2   | Reached skill level 13 in Fighting
 10629 | Lair:2   | Reached skill level 1 in Invocations
 10629 | Lair:2   | Reached skill level 1 in Evocations
 10634 | Lair:2   | Reached XP level 12. HP: 100/115 MP: 10/12
 10796 | Lair:2   | Got a twisted hand crossbow
 10797 | Lair:2   | Identified the cursed +1 hand crossbow "Roabyral" {elec, rElec rPois} (You found it on level 2 of the Lair of Beasts)
 10892 | Lair:2   | Found a hole to the Spider Nest.
 11694 | Lair:3   | Reached skill level 5 in Invocations
 11864 | Lair:3   | Reached skill level 5 in Evocations
 12688 | Lair:4   | Found a staircase to the Shoals.
 12725 | Lair:4   | Reached ***** piety under Qazlal
 12980 | Lair:4   | Found a labyrinth entrance.
 12989 | Lab      | Entered a labyrinth
 13607 | Lab      | Noticed a minotaur
 13618 | Lab      | Killed a minotaur
 13628 | Lab      | Identified the Disquisition on Earth and Orientation
 13632 | Lab      | Got an iridescent demon blade
 13632 | Lab      | Got a steaming quick blade
 13732 | Lair:4   | Noticed a six-headed hydra
 13738 | Lair:4   | Killed a six-headed hydra
 14068 | Lair:4   | Identified the +8 demon blade of Bunemnaz {freeze, rC+ Str+4 Int+2} (You found it in a labyrinth)
 14070 | Lair:4   | Identified the +11 quick blade of the Pyrrhic Victory {protect, rPois rN++} (You found it in a labyrinth)
 14107 | Lair:5   | Reached skill level 5 in Dodging
 14107 | Lair:5   | Reached XP level 13. HP: 122/122 MP: 17/17
 14112 | Lair:5   | Reached skill level 1 in Long Blades
 14342 | Lair:5   | Reached skill level 5 in Long Blades
 14858 | Lair:6   | Entered Level 6 of the Lair of Beasts
 14858 | Lair:6   | Found a staircase to the Slime Pits.
 14858 | Lair:6   | Found a viscous altar of Jiyva.
 14916 | Lair:6   | HP: 9/183 [spriggan rider/spear (14)]
 14926 | Lair:6   | HP: 3/122 [hornet (5)]
 14927 | Lair:6   | HP: 1/122 [spriggan rider/spear (14)]
 15387 | Lair:6   | Reached skill level 10 in Long Blades
 16457 | Lair:6   | Reached XP level 14. HP: 119/129 MP: 15/18
 17097 | D:11     | Found Bekes's Antique Weapon Emporium.
 17160 | D:11     | Found a staircase to the Orcish Mines.
 17472 | D:11     | Bought a translucent great mace for 425 gold pieces
 17513 | D:11     | Identified the +4 great mace of Dominance {holy, Int-5 Dex+3 SInv} (You bought it in a shop on level 11 of the Dungeon)
 17617 | D:12     | Noticed Josephine
 17625 | D:12     | Killed Josephine
 18001 | D:12     | Found a large runed door.
 18002 | D:12     | Found a large runed door.
 18032 | D:12     | Identified the Handbook of the Salmon
 18211 | D:12     | Found a large runed door.
 18211 | D:12     | Found a large runed door.
 18516 | D:12     | Reached skill level 14 in Fighting
 18562 | D:12     | Got a polished hunting sling
 18565 | D:12     | Identified the +3 hunting sling "Benteta" {venom, Str+4 Int+4 Stlth-} (You found it on level 12 of the Dungeon)
 18867 | D:13     | Found a frozen archway.
 18895 | D:13     | Reached skill level 10 in Invocations
 18910 | IceCv    | Entered an ice cave
 18914 | IceCv    | Reached ****** piety under Qazlal
 19395 | IceCv    | Noticed a frost giant
 19409 | IceCv    | Killed a frost giant
 20158 | D:14     | Reached XP level 15. HP: 99/138 MP: 24/24
 20490 | D:14     | Found a portal to a secret trove of treasure.
 20659 | D:14     | Noticed Snorg
 20678 | D:14     | Killed Snorg
 20926 | D:14     | Found a gate to the Vaults.
 20964 | D:14     | Identified a scroll of acquirement
 21507 | D:15     | Entered Level 15 of the Dungeon
 22149 | D:15     | Found a glowing golden altar of the Shining One.
 22329 | D:15     | Found a staircase to the Depths.
 23219 | Spider:1 | Entered Level 1 of the Spider Nest
 23226 | Spider:1 | Reached skill level 5 in Shields
 23485 | Spider:2 | Noticed Arachne
 23496 | Spider:2 | Noticed Louise
 23499 | Spider:2 | Noticed Donald
 23500 | Spider:2 | Paralysed by a hornet for 1 turns
 23519 | Spider:1 | Killed Arachne
 23820 | Spider:1 | Killed Donald
 23829 | Spider:1 | Reached XP level 16. HP: 100/147 MP: 19/25
 24232 | Spider:1 | Reached skill level 15 in Fighting
 24232 | Spider:1 | Reached skill level 15 in Armour
 24555 | Spider:2 | Killed Louise
 26625 | Spider:3 | Reached skill level 16 in Fighting
 26672 | Spider:3 | Reached skill level 10 in Dodging
 27764 | Spider:4 | Entered Level 4 of the Spider Nest
 27992 | Spider:4 | Reached XP level 17. HP: 159/160 MP: 4/26
 28079 | Spider:4 | Reached skill level 17 in Fighting
 28708 | Spider:4 | Got a gossamer rune of Zot
 29010 | Shoals:1 | Entered Level 1 of the Shoals
 29643 | Shoals:1 | Noticed Roxanne
 29663 | Shoals:1 | Killed Roxanne
 29757 | Shoals:1 | Reached skill level 18 in Fighting
 30207 | Shoals:2 | Noticed Frances
 30223 | Shoals:1 | Killed Frances
 30702 | Shoals:2 | Reached skill level 10 in Shields
 30888 | Shoals:1 | Identified the Collected Works on Weightlessness and Transmutation
 32567 | Shoals:3 | Got a steaming lajatang
 32569 | Shoals:3 | Identified the +9 lajatang "Iwoirr" {freeze, -Tele rC+ MP+9 Int+2} (You found it on level 3 of the Shoals)
 32774 | Shoals:4 | Entered Level 4 of the Shoals
 32981 | Shoals:3 | Got a bloodstained plate armour
 32992 | Shoals:3 | Identified the +1 plate armour "Nasyocorph" {Str+3} (You acquired it on level 3 of the Shoals)
 32999 | Shoals:4 | Reached XP level 18. HP: 172/172 MP: 27/27
 33744 | Shoals:4 | Noticed Ilsuiw
 33768 | Shoals:4 | Killed Ilsuiw
 33838 | Shoals:4 | Reached skill level 15 in Shields
 34193 | Shoals:4 | Got a fine plate armour
 34204 | Shoals:4 | Identified the +8 plate armour "Gaetwied" {MR- Regen+ Dex+3} (You took it off a merfolk impaler on level 4 of the Shoals)
 34319 | Shoals:4 | Got a barnacled rune of Zot
 34541 | Shoals:4 | Identified the Almanac of Nocuous Execration
 34966 | Orc:1    | Entered Level 1 of the Orcish Mines
 35053 | Orc:1    | Found Pynt's Armour Boutique.
 35098 | Orc:1    | Bought the +9 scales of the Dragon King {rPois rF+ rC+ MR+} for 1872 gold pieces
 35098 | Orc:1    | Found the +9 scales of the Dragon King {rPois rF+ rC+ MR+}
 35432 | Orc:2    | Entered Level 2 of the Orcish Mines
 35432 | Orc:2    | Noticed Sonja
 35583 | Orc:2    | Reached skill level 15 in Invocations
 35708 | Orc:2    | Killed Sonja
 35988 | Orc:2    | Found a staircase to the Elven Halls.
 36048 | Orc:2    | Found Rekused's General Store.
 36117 | Orc:2    | Found Vopn's Antique Weapon Shop.
 36184 | Orc:2    | Found Ujuklorph's Jewellery Shoppe.
 36332 | Orc:2    | Found Vugut's Antique Armour Boutique.
 36430 | Elf:1    | Entered Level 1 of the Elven Halls
 37298 | Elf:2    | Found Xuidd's Magic Scroll Shoppe.
 37388 | Elf:2    | Found a runed gate.
 37389 | Elf:2    | Found a runed gate.
 37390 | Elf:2    | Found a runed gate.
 37599 | Elf:2    | Reached XP level 19. HP: 158/179 MP: 27/30
 38361 | Orc:2    | Bought an uncursed amulet of the gourmand for 360 gold pieces
 38423 | Elf:3    | Entered Level 3 of the Elven Halls
 38432 | Elf:3    | Reached skill level 10 in Evocations
 39478 | Elf:2    | Reached skill level 15 in Long Blades
 39486 | Elf:3    | Noticed a Brimstone Fiend
 40785 | Elf:3    | Found Evihaci's Gadget Boutique.
 41187 | Elf:3    | Got a steaming granite ring
 41193 | Elf:3    | Got a brightly glowing quarterstaff {crush}
 41210 | Elf:3    | Got a warped shield
 41216 | Elf:3    | Identified the cursed +3 quarterstaff of the Puffin {crush, rN+ MR+ Str-2} (You took it off a deep elf knight on level 3 of the Elven Halls)
 41218 | Elf:3    | Identified the +2 shield "Oclejas" {rF- rN+ Int+10 Slay+3} (You took it off a deep elf death mage on level 3 of the Elven Halls)
 41221 | Elf:3    | Got an uncursed crystal halberd {speed}
 41227 | Elf:3    | Identified the ring "Xiqaes" {rPois rN+} (You took it off a deep elf knight on level 3 of the Elven Halls)
 41237 | Elf:3    | Identified the +0 halberd "Culowes" {speed, rC+ Int+4} (You took it off a deep elf archer on level 3 of the Elven Halls)
 41500 | Elf:3    | Got a pair of transparent boots
 41505 | Elf:3    | Got a pair of transparent boots
 41600 | Elf:3    | Identified the +3 pair of boots of the Engineer {Int+4} (You found it on level 3 of the Elven Halls)
 41601 | Elf:3    | Identified the +0 pair of boots of Divine Intervention {rElec rPois} (You found it on level 3 of the Elven Halls)
 41890 | Depths:1 | Entered Level 1 of the Depths
 41903 | D:15     | Reached XP level 20. HP: 121/187 MP: 14/31
 42154 | D:15     | Slain by a deep troll earth mage

Skill      XL: |  1  2  3  4  5  6  7  8  9 10 11 12 13 14 15 16 17 18 19 |
---------------+----------------------------------------------------------+-----
Axes           | 3 4 5 6 |  6.0
Fighting       | 4 5 6 7 10 13 14 16 18 | 18.2
Armour         | 4 5 6 7 10 13 14 16 | 16.3
Dodging        | 2 3 4 5 7 10 | 10.3
Maces & Flails | 3 9 12 | 12.2
Invocations    | 1 7 13 14 16 17 | 17.0
Evocations     | 1 6 9 10 | 10.4
Long Blades    | 12 14 17 | 17.7
Shields        | 5 12 15 | 15.0

Action                   |  1- 3 |  4- 6 |  7- 9 | 10-12 | 13-15 | 16-18 | 19-21 || total
-------------------------+-------+-------+-------+-------+-------+-------+-------++-------
Melee: War axe           |   113 |    71 |    16 |       |       |       |       ||   200
       Headbutt          |    20 |    10 |    36 |   139 |   311 |   354 |    87 ||   957
       Unarmed           |       |     8 |       |       |       |       |       ||     8
       Whip              |       |       |   232 |   620 |       |       |       ||   852
       Demon blade       |       |       |       |     3 |  1222 |  1331 |   170 ||  2726
       Triple sword      |       |       |       |       |       |       |   280 ||   280
Invok: Elemental Force   |       |       |       |       |     2 |     2 |       ||     4
       Upheaval          |       |       |       |       |       |     4 |       ||     4
       Disaster Area     |       |       |       |       |       |     3 |       ||     3
Evoke: Sack of spiders   |       |       |       |       |       |     6 |     3 ||     9
       Phial of floods   |       |       |       |       |       |     3 |     2 ||     5
       Lamp of fire      |       |       |       |       |       |     3 |     1 ||     4
       Wand              |       |       |       |       |       |     6 |     1 ||     7
       Lightning rod     |       |       |       |       |       |     1 |     5 ||     6
  Use: Scroll            |       |       |    12 |     6 |    13 |     7 |    13 ||    51
       Potion            |       |       |     2 |     2 |    13 |     4 |       ||    21
 Stab: Paralysed         |       |       |     1 |       |       |       |       ||     1
  Eat: Chunk             |     3 |     4 |    11 |    16 |    21 |    15 |    25 ||    95
       Ration            |       |       |       |     3 |     3 |     9 |     1 ||    16
Armor: Scale mail        |    41 |    18 |    49 |       |       |       |       ||   108
       Skin              |       |    11 |       |       |    64 |       |       ||    75
       Plate armour      |       |       |     4 |   194 |   471 |   490 |       ||  1159
       Gold dragon scale |       |       |       |       |       |   100 |   369 ||   469
Dodge: Dodged            |    42 |    21 |    50 |   107 |   260 |   398 |   175 ||  1053
       Deflected         |       |       |       |     1 |    16 |    27 |    21 ||    65
Block: Shield            |    47 |    32 |    96 |   334 |   909 |  1451 |   166 ||  3035
       Other             |       |       |       |       |       |       |   129 ||   129
       Rpst.: Demon blade |       |       |       |       |    61 |    64 |    12 ||   137
       Triple sword      |       |       |       |       |       |       |    21 ||    21
